 Dungeon Crawl Stone Soup version 0.29-a0-506-ga2e7fffb44 (webtiles) character file.

Game seed: 14639003273955739146

280 sammy202020 the Skirmisher (level 6, -6/73 HPs)
             Began as a Demonspawn Berserker on May 29, 2022.
             Was a Believer of Trog.
             Mangled by a gnoll
             ... wielding a +0 halberd
              (10 damage)
             ... on level 4 of the Dungeon.
             The game lasted 00:05:45 (3537 turns).

sammy202020 the Skirmisher (Demonspawn Berserker)   Turns: 3537, Time: 00:05:47

Health: -6/73      AC: 14    Str: 17    XL:     6   Next: 5%
Magic:  6/6        EV:  5    Int: 10    God:    Trog [**....]
Gold:   275        SH:  4    Dex: 13    Spells: 5/5 levels left

rFire   + . .      SeeInvis .   b - +4 hand axe
rCold   . . .      Faith    .   j - +0 buckler
rNeg    . . .      Spirit   .   d - +0 plate armour
rPois   +          Reflect  .   (no helmet)
rElec   .          Harm     .   h - +0 cloak
rCorr   .          Rampage  .   (no gloves)
Will    .....                   k - +1 pair of boots
Stlth   ..........              (no amulet)
HPRegen 0.22/turn               e - ring of protection from fire
MPRegen 0.10/turn               t - ring of poison resistance

@: berserking, very quick
A: demonic magic 1, weakness stinger 1
a: Renounce Religion, Berserk, Trog's Hand


You were on level 4 of the Dungeon.
You worshipped Trog.
Trog was pleased with you.
You visited 1 branch of the dungeon, and saw 4 of its levels.

You collected 275 gold pieces.

Inventory:

Hand Weapons
 a - a +0 hand axe
 b - a +4 hand axe (weapon)
 n - a +0 flail
 w - a +0 war axe
Missiles
 l - a throwing net (quivered)
Armour
 d - a +0 plate armour (worn)
 h - a +0 cloak (worn)
 j - a +0 buckler (worn)
 k - a +1 pair of boots (worn)
Jewellery
 e - a ring of protection from fire (left hand)
 q - an amulet of the acrobat
 t - a ring of poison resistance (right hand)
Wands
 u - a wand of flame (37)
Scrolls
 c - 3 scrolls of immolation
 g - 2 scrolls of enchant weapon
 x - a scroll of teleportation {unknown}
 y - a scroll of vulnerability {unknown}
 A - a scroll of identify
Potions
 f - a potion of magic
 i - a potion of mutation
 m - 2 potions of heal wounds
 o - 2 potions of brilliance {unknown}
 p - a potion of resistance
 r - a potion of berserk rage {unknown}
 s - 2 potions of lignification
 v - a potion of flight {unknown}
 z - a potion of might {unknown}


   Skills:
 * Level 4.4 Fighting
 * Level 4.0 Axes
 + Level 2.6 Armour
 + Level 2.7 Dodging
 + Level 1.4 Shields


You had 5 spell levels left.
You didn't know any spells.
Your spell library was empty.

Dungeon Overview and Level Annotations

Branches:
Dungeon (4/15)
 Temple: D:4-7

Altars:
Vehumet
Zin

Shops:
D:1 [   D:2 =


Innate Abilities, Weirdness & Mutations

Spells you cast may paralyse adjacent enemies.
You have a small tail.


Message History

The gnoll hits you from afar with a +0 halberd.
You hit the gnoll but do no damage.
The gnoll is moderately wounded.
You hit the gnoll. The gnoll hits you but does no damage.
The gnoll hits you from afar with a +0 halberd.
The gnoll hits you but does no damage.
You hit the gnoll.
You tail-slap the gnoll, but do no damage.
The gnoll is heavily wounded.
You hit the gnoll. The gnoll hits you but does no damage.
The gnoll completely misses you. The gnoll hits you but does no damage.
The gnoll hits you with a +0 whip! The gnoll hits you but does no damage.
The gnoll hits you from afar with a +0 halberd!
The gnoll hits you from afar with a +0 halberd.
The gnoll hits you with a +0 flail!
* * * LOW HITPOINT WARNING * * *
A red film seems to cover your vision as you go berserk!
You feel yourself moving faster!
You feel mighty! The gnoll closely misses you.
The gnoll hits you but does no damage.
The gnoll hits you from afar with a +0 halberd.
* * * LOW HITPOINT WARNING * * *
The gnoll hits you with a +0 whip.
* * * LOW HITPOINT WARNING * * *
You feel a strong urge to attack something.
You slash the gnoll!
You kill the gnoll!
Trog accepts your kill.
You barely miss the gnoll. You closely miss the gnoll. You slash the gnoll!
You block the gnoll's attack. The gnoll hits you with a +0 halberd.
* * * LOW HITPOINT WARNING * * *
The gnoll hits you with a +0 whip.
* * * LOW HITPOINT WARNING * * *
You slash the gnoll!
You feel the power of Trog in you as your rage grows.
You kill the gnoll!
Trog accepts your kill.
You hit the gnoll. x2; The gnoll hits you with a +0 whip.
* * * LOW HITPOINT WARNING * * *
The gnoll hits you with a +0 halberd!
You die...

#
#.._..#.#.#.#######
...........#.......#
..#...#..#.#..[....#
..#......##......#
.. ...#......#
#......#
#####......#
#..g.####### #..@)#
#.g.)# #....# ##....
#..... #......
#...$... #........


You could see 2 gnolls.

Vanquished Creatures
  A steam dragon (D:4)
  A jelly (D:4)
  4 adders
  2 gnolls (D:4)
  2 worms
  A dart slug (D:2)
  8 orcs
  3 ball pythons
  3 bats
  7 endoplasms
  2 giant cockroaches
  3 goblins
  6 hobgoblins
  2 quokkas (D:3)
  2 frilled lizards
  5 kobolds
  6 rats
58 creatures vanquished.

Notes
Turn   | Place    | Note
-------+----------+-------------------------------------------
     0 | D:1      | sammy202020 the Demonspawn Berserker began the quest for
                  | the Orb.
     0 | D:1      | Reached XP level 1. HP: 18/18 MP: 1/1
    13 | D:1      | Found Nepiom's Armour Boutique.
   276 | D:1      | Gained mutation: Spells you cast may paralyse adjacent
                  | enemies. [demonic ancestry]
   276 | D:1      | Reached XP level 2. HP: 24/24 MP: 2/2
   633 | D:2      | Found a faded altar of an unknown god.
   938 | D:2      | Reached ** piety under Trog
   939 | D:2      | Gained mutation: You have a small tail. [demonic ancestry]
   939 | D:2      | Reached XP level 3. HP: 28/29 MP: 3/3
   990 | D:2      | Found Laluwkam's Jewellery Shop.
  1927 | D:3      | Reached XP level 4. HP: 33/37 MP: 4/4
  3080 | D:4      | Noticed a steam dragon
  3093 | D:4      | Killed a steam dragon
  3094 | D:4      | Reached skill level 1 in Shields
  3094 | D:4      | Reached XP level 5. HP: 25/43 MP: 5/5
  3453 | D:4      | Found a radiant altar of Vehumet.
  3468 | D:4      | Reached XP level 6. HP: 42/49 MP: 6/6
  3537 | D:4      | Mangled by a gnoll

Illustrated notes

Levels and vault maps discovered:
D:1:      amcnicky_arrival_double_pillar, layout_rooms, serial_shops,
          nicolae_shop_advertising_works [nicolae_subvault_shop_adworks]
D:2:      layout_rooms, nicolae_ecumenical_pavilion, serial_shops, shop,
          minmay_pentomino_p4
D:3:      layout_loops_corners, corexii_leaking_fountain
D:4:      layout_gridville, nicolae_vehumet_radiance,
          mainiacjoe_overflow_catwalk, gup_sewer_entry_glass, minivault_26,
          serial_park_tiny_1, minmay_misc_feat_square

Skill      XL: |  1  2  3  4 |
---------------+-------------+-----
Dodging        | 2 |  2.7
Axes           | 3 4 |  4.0
Armour         | 2 |  2.6
Fighting       | 4 |  4.4
Shields        | 1 |  1.4

Action                   |  1- 3 |  4- 6 || total
-------------------------+-------+-------++-------
Melee: Hand axe          |    97 |    54 ||   151
       Tailslap          |     9 |     4 ||    13
Invok: Berserk           |       |     1 ||     1
  Use: Scroll            |     9 |     2 ||    11
Armor: Plate armour      |    56 |    38 ||    94
Dodge: Dodged            |    28 |    14 ||    42
Block: Buckler           |     6 |    15 ||    21

Table legend: (Time is in decaauts)
 A = Elapsed time spent in this place.
 B = Non-inter-level travel time spent in this place.
 C = Inter-level travel time spent in this place.
 D = Time resting spent in this place.
 E = Time spent auto-exploring this place.
 F = Levels seen in this place.
 G = Mean time per level.
                   A        B        C        D        E       F      G
               +--------+--------+--------+--------+--------+-----+--------+
         Total |   3558 |   3558 |      0 |    441 |   2565 |   4 |  889.5 |
       Dungeon |   3558 |   3558 |      0 |    441 |   2565 |   4 |  889.5 |
               +--------+--------+--------+--------+--------+-----+--------+

Top non-repeatable levels by time:
     D:3: 1567 daAuts
     D:2: 730 daAuts
     D:1: 636 daAuts
     D:4: 624 daAuts
